Map: Abiogenesis LE

Players

django - Winner!

  • Race: Zerg Zerg
  • League: Silver
  • Spawn Location: 5:00

CinDra

  • Race: Zerg Zerg
  • League: Silver
  • Spawn Location: 11:00

VOD

Have the link to the VOD?

Description

Time

  • Played on: Feb. 12, 2018, 4:53 p.m.
  • Length: 9:17
Show
View Real Time Build Order
Export as new Build Order

django Zerg - Winner!

Build Orders: Pool First 

Get SALT Encoding   

  12  0:24  Spawning Pool, Drone  
  12  0:27  Drone  
  13  0:36  Overlord  
  13  0:43  Drone  
  14  0:56  Extractor  
  13  1:03  Drone  
  13  1:04  Drone  
  15  1:11  Queen  
  17  1:23  Zergling x4  
  19  1:42  Drone  
  19  1:45  Zergling x2  
  21  2:08  Overlord  
  21  2:12  Overlord  
  21  2:36  Zergling x4  
  21  2:37  Zergling x4  
  23  3:03  Drone x3  
  26  3:18  Hatchery  
  25  3:25  Zergling x2  
  26  3:29  Hatchery  
  22  3:41  Zergling x4  
  22  3:51  Zergling x2  
  23  3:57  Baneling Nest  
  23  3:58  Zergling x2  
  23  3:59  Zergling x4  
  25  4:14  Lair  
  25  4:37  Zergling x4  
  25  4:38  Zergling x4  
  29  4:45  Drone x2  
  31  4:46  Queen  
  31  4:52  Drone x2  
  35  4:53  Queen  
  37  5:00  Extractor  
  37  5:03  Drone x2  
  37  5:04  Zergling x6  
  36  5:22  Metabolic Boost  
  36  5:27  Zergling x4  
  38  5:28  Zergling x2  
  38  5:29  Zergling x4  
  38  5:31  Zergling x6  
  44  5:46  Centrifical Hooks  
  44  5:51  Drone x2  
  44  5:54  Drone x2  
  44  5:55  Drone  
  44  5:57  Overlord  
  49  5:59  Overlord  
  49  6:13  Hydralisk Den  
  49  6:18  Drone x3  
  51  6:23  Extractor  
  50  6:26  Extractor  
  50  6:30  Extractor  
  48  6:33  Extractor  
  47  6:41  Zergling x2  
  47  6:42  Zergling x2  
  47  6:43  Overlord, Zergling x4  
  47  6:45  Overlord  
  51  6:47  Drone x3  
  51  6:49  Drone  
  51  6:53  Drone x2  
  51  7:39  Zergling x6  
  51  7:40  Hydralisk x4  
  51  7:43  Hydralisk x3  
  68  7:45  Zergling x4  
  69  7:59  Baneling x5  
  69  8:00  Baneling x2  
  69  8:05  Zergling x4  
  71  8:07  Hydralisk  
  71  8:11  Zergling x4  
  71  8:12  Zergling x2  
  76  8:27  Drone x3  
  76  8:30  Drone  
Show
View Real Time Build Order
Export as new Build Order

CinDra Zerg 

Build Orders: Hatch First 

Get SALT Encoding   

  12  0:01  Drone  
  13  0:12  Overlord  
  13  0:18  Drone  
  14  0:33  Drone  
  14  0:34  Drone  
  16  0:37  Drone  
  17  0:46  Drone  
  18  0:59  Hatchery  
  18  1:03  Drone  
  18  1:09  Drone  
  19  1:19  Drone  
  19  1:23  Spawning Pool  
  19  1:28  Drone  
  19  1:31  Extractor  
  19  1:44  Drone  
  20  1:49  Overlord  
  20  2:02  Drone  
  21  2:12  Drone  
  21  2:13  Drone  
  23  2:19  Queen  
  23  2:20  Queen  
  27  2:23  Zergling x4  
  28  2:36  Drone  
  28  2:37  Drone  
  27  2:57  Drone x2  
  27  2:58  Drone x2  
  31  3:05  Zergling x4  
  33  3:08  Queen  
  33  3:12  Metabolic Boost  
  35  3:16  Zergling x2  
  35  3:18  Overlord  
  32  3:52  Drone x7  
  32  3:53  Zergling x2  
  40  3:59  Zergling x2  
  41  4:06  Roach Warren  
  40  4:10  Extractor  
  40  4:12  Zergling x6  
  42  4:24  Overlord x2  
  42  4:25  Drone x2  
  44  4:42  Drone x3  
  44  4:43  Drone  
  48  4:47  Lair  
  48  4:55  Drone x3  
  47  5:46  Pneumatized Carapace  
  47  5:49  Glial Reconstitution  
  47  5:55  Drone  
  47  5:56  Drone x5, Spire  
  52  5:59  Extractor  
  52  6:02  Extractor  
  50  6:18  Roach x5  
  60  6:19  Overlord  
  60  6:43  Drone x8  
  60  6:44  Overlord x2, Hatchery  
  67  6:59  Overlord x2  
  67  7:02  Queen  
  67  7:04  Overseer  
  65  7:27  Roach  
  65  7:28  Roach x9  
  45  7:53  Queen  
  45  7:54  Drone  
  45  7:55  Drone x5  
  53  8:09  Drone  
  53  8:10  Drone  
  55  8:18  Roach x2  
  59  8:31  Queen  
  61  8:36  Roach  
  61  8:37  Roach  
  65  8:48  Roach x2  
Tags
 
Add a new tag
Caveats
  • Supply blocks, unpowered buildings, or Contaminate may cause inaccurate times.
  • Supply counts are checked every 10 seconds.